Map: Lost and Found LE

Players

OnlySentries

  • Race: Protoss Protoss
  • League: Diamond
  • Spawn Location: 1:00

Xayad - Winner!

  • Race: Terran Terran
  • League: Master
  • Spawn Location: 7:00

VOD

Have the link to the VOD?

Description

Time

  • Played on: Aug. 26, 2018, 10:38 a.m.
  • Length: 7:38
Show
View Real Time Build Order
Export as new Build Order

OnlySentries Protoss 

Build Orders: 1 Gate Expand, Blink Stalkers 

Get SALT Encoding   

  12  0:01  Probe  
  13  0:13  Probe  
  14  0:18  Pylon  
  14  0:24  Probe  
  15  0:32  Probe  
  15  0:38  Gateway  
  15  0:40  Probe  
  16  0:48  Assimilator  
  17  0:51  Probe  
  18  1:03  Probe  
  19  1:15  Probe  
  20  1:28  Nexus  
  20  1:37  Cybernetics Core  
  20  1:40  Probe  
  20  1:45  Assimilator  
  21  1:52  Probe  
  21  1:53  Pylon  
  22  2:03  Stalker  
  22  2:04  Probe  
  23  2:14  Probe  
  25  2:16  Warp Gate  
  25  2:22  Probe  
  26  2:29  Twilight Council  
  26  2:40  Blink  
  26  2:41  Stalker  
  28  2:45  Probe x2  
  30  2:57  Probe  
  30  2:58  Probe  
  32  3:10  Probe x2  
  34  3:22  Probe  
  34  3:23  Probe  
  36  3:28  Gateway x2  
  36  3:34  Probe  
  37  3:35  Probe  
  38  3:46  Probe  
  39  3:53  Probe  
  40  3:58  Probe, Pylon  
  41  4:05  Probe  
  42  4:10  Probe  
  42  4:11  Assimilator  
  43  4:17  Probe  
  43  4:22  Probe, Charge  
  45  4:25  Stalker x3, Robotics Facility  
  51  4:37  Pylon  
  51  4:47  Probe  
  51  4:51  Pylon  
  51  4:52  Stalker  
  54  4:55  Probe  
  55  5:03  Stalker  
  55  5:07  Nexus  
  57  5:08  Pylon  
  57  5:09  Observer  
  57  5:10  Gateway  
  57  5:12  Gateway  
  57  5:15  Gateway  
  58  5:25  Forge x2  
  58  5:26  Observer  
  58  5:29  Pylon  
  59  5:40  Probe x2  
  61  5:47  Observer  
  62  5:51  Gateway  
  62  5:52  Probe x2  
  62  5:54  Gateway  
  62  5:55  Observer  
  65  6:04  Probe x2  
  65  6:10  Photon Cannon  
  67  6:11  Observer  
  67  6:13  Assimilator  
  67  6:16  Probe x2  
  69  6:23  Probe  
  70  6:30  Probe  
  71  6:38  Photon Cannon  
  71  6:40  Probe  
  71  6:41  Templar Archives  
  71  6:43  Photon Cannon  
  72  6:50  Probe x2  
  72  6:52  Probe  
  72  6:53  Zealot x3  
  72  6:54  Zealot x3  
  87  7:02  Probe  
  87  7:07  Pylon  
  82  7:10  Pylon  
  82  7:15  Zealot x2  
  86  7:19  Zealot x2  
  86  7:20  Zealot x2  
Show
View Real Time Build Order
Export as new Build Order

Xayad Terran - Winner!

Build Orders: Reaper Expand, Mech 

Get SALT Encoding   

  12  0:00  SCV  
  13  0:12  SCV  
  14  0:17  Supply Depot  
  14  0:24  SCV  
  15  0:38  SCV  
  15  0:40  Barracks  
  16  0:44  Refinery  
  16  0:50  SCV  
  17  1:03  SCV  
  18  1:15  SCV  
  19  1:28  Orbital Command  
  19  1:29  Reaper  
  20  1:42  Command Center  
  20  1:53  SCV  
  21  2:01  Marine  
  22  2:03  Supply Depot  
  22  2:06  Factory  
  22  2:09  SCV  
  23  2:15  Refinery  
  23  2:23  Barracks Reactor  
  23  2:24  SCV  
  24  2:36  SCV  
  25  2:48  SCV  
  26  2:54  Orbital Command  
  26  2:56  Bunker  
  26  3:00  SCV  
  26  3:04  Cyclone  
  30  3:08  Marine  
  30  3:12  Cyclone  
  34  3:13  SCV  
  35  3:20  SCV  
  35  3:25  SCV  
  37  3:32  SCV  
  38  3:36  Supply Depot, Cyclone  
  38  3:37  SCV  
  38  3:40  Refinery  
  38  3:41  Marine  
  43  3:44  SCV  
  44  3:49  SCV  
  44  3:56  SCV  
  44  4:00  Widow Mine  
  44  4:01  SCV  
  48  4:04  Barracks Tech Lab  
  48  4:06  Factory  
  48  4:08  SCV  
  48  4:09  Widow Mine  
  51  4:13  SCV  
  52  4:20  SCV  
  52  4:22  Refinery  
  53  4:25  Supply Depot x2  
  53  4:26  SCV  
  54  4:42  Starport  
  54  4:46  Widow Mine x2, SCV x2  
  54  4:49  Supply Depot  
  54  4:50  Supply Depot  
  60  4:55  Barracks Reactor  
  60  4:58  SCV  
  61  5:08  Widow Mine x2  
  61  5:09  SCV  
  61  5:10  SCV  
  66  5:21  Siege Tank  
  66  5:26  SCV x2, Liberator x2  
  66  5:28  Command Center  
  71  5:29  Cyclone x2  
  71  5:31  Supply Depot  
  71  5:33  Supply Depot  
  77  5:38  SCV  
  78  5:45  SCV  
  85  5:50  SCV  
  85  5:54  Siege Tank  
  89  6:00  Armory  
  89  6:01  Hellion x2  
  93  6:04  Supply Depot x2  
  93  6:10  SCV x2  
  95  6:23  Hellion x2  
  99  6:25  Factory  
  99  6:26  Siege Tank  
  99  6:27  Supply Depot  
  99  6:28  Supply Depot  
  102  6:37  SCV x2  
  102  6:39  Orbital Command  
  104  6:46  Hellion  
  104  6:47  Hellion  
  108  6:49  SCV  
  109  6:54  SCV  
  109  6:58  Siege Tank  
  115  7:01  SCV  
  115  7:04  Refinery  
  115  7:06  Refinery  
  114  7:34  Factory Tech Lab  
Tags
 
Add a new tag
Caveats
  • Supply blocks, unpowered buildings, or Contaminate may cause inaccurate times.
  • Supply counts are checked every 10 seconds.